 Dungeon Crawl Stone Soup version 0.29-a0-384-g6960b1960d (webtiles) character file.

Game seed: 16152209383367559318

69841 freelancePsychic the Thaumaturge (level 14, -11/88 HPs)
             Began as a Deep Elf Earth Elementalist on May 6, 2022.
             Was an Initiate of Gozag.
             Killed by mirror damage (39 damage)
             ... on level 14 of the Dungeon.
             The game lasted 01:03:00 (29639 turns).

freelancePsychic the Thaumaturge (DEEE)            Turns: 29639, Time: 01:03:00

Health: -11/88     AC: 11    Str:  5    XL:     14   Next: 91%
Magic:  19/32      EV: 17    Int: 26    God:    Gozag
Gold:   3126       SH:  0    Dex: 15    Spells: 8/38 levels left

rFire   + . .      SeeInvis .   b - staff of fire
rCold   + . .      Faith    .   (no shield)
rNeg    . . .      Spirit   .   U - +2 robe {Archmagi}
rPois   .          Reflect  .   M - +1 hat
rElec   .          Harm     .   O - +2 cloak
rCorr   +          Rampage  .   (no gloves)
Will    +++..      Archmagi +   N - +2 pair of boots {Stlth+}
Stlth   +++++.....              p - amulet of magic regeneration
HPRegen 0.24/turn               R - ring of Resumed Hostilities {Wiz rC+}
MPRegen 0.63/turn               n - ring of Ephemeral Luck {Fly Will++ rCorr}

@: marked, radiating poison, gold aura, spewing sludge, flying
A: no striking features
a: Renounce Religion, Potion Petition, Call Merchant, Bribe Branch


You were on level 14 of the Dungeon.
You worshipped Gozag.
Gozag was most pleased with you.
You visited 3 branches of the dungeon, and saw 22 of its levels.

You collected 6815 gold pieces.
You spent 2202 gold pieces at shops.
You paid 1487 gold pieces to Gozag.

Inventory:

Missiles
 g - 327 stones
Armour
 x - a +0 buckler
 M - a +1 hat (worn)
 N - a +2 pair of boots of stealth (worn)
 O - a +2 cloak (worn)
 U - a +2 robe of the Archmagi (worn)
 V - the +0 ring mail of the Catamount {rF+ rCorr Int+5}
   (You bought it in a shop on level 12 of the Dungeon)

   Int:       It affects your intelligence (+5).
   rF:        It protects you from fire.
   rCorr:     It protects you from acid and corrosion.
 W - a +2 kite shield
Magical Staves
 a - a staff of earth
 b - a staff of fire (weapon)
Jewellery
 n - the ring of Ephemeral Luck (right hand) {Fly Will++ rCorr}
   (You found it on level 11 of the Dungeon)

   [ring of flight]

   Fly:       It grants you flight.
   rCorr:     It protects you from acid and corrosion.
   Will:      It greatly increases your willpower.
 p - an amulet of magic regeneration (around neck)
 B - a ring of poison resistance
 K - a ring of magical power
 R - the ring of Resumed Hostilities (left hand) {Wiz rC+}
   (You found it on level 3 of the Lair of Beasts)

   [ring of wizardry]

   It improves your spell success rate.
   rC:        It protects you from cold.
 S - a +4 ring of evasion
Wands
 i - a wand of polymorph (24)
 j - a wand of flame (31)
 t - a wand of iceblast (23)
 w - a wand of acid (14)
 y - a wand of paralysis (4)
 C - a wand of digging (15)
 G - a wand of charming (13)
Scrolls
 d - 4 scrolls of amnesia
 f - 2 scrolls of brand weapon
 h - 5 scrolls of magic mapping
 l - 5 scrolls of vulnerability
 r - 3 scrolls of enchant armour
 s - 3 scrolls of enchant weapon
 z - 7 scrolls of noise
 D - 3 scrolls of immolation
 F - 6 scrolls of identify {@r1}
 H - 3 scrolls of fog
 J - 3 scrolls of teleportation {@r4}
 Q - 3 scrolls of poison
 T - a scroll of fear
Potions
 c - a potion of magic
 e - 2 potions of cancellation
 k - 6 potions of haste {@q3}
 m - 4 potions of heal wounds {@q2}
 o - 5 potions of lignification
 q - 12 potions of curing {@q1}
 u - 3 potions of brilliance
 v - 3 potions of attraction
 A - 2 potions of berserk rage
 E - a potion of mutation
 I - 3 potions of might
 L - 4 potions of degeneration
 P - a potion of flight


   Skills:
 + Level 10.2 Fighting
 + Level 9.5 Dodging
 - Level 10.0 Stealth
 + Level 1.7 Shields
 - Level 12.8 Spellcasting
 - Level 7.6 Conjurations
 - Level 4.4 Hexes
 * Level 3.1 Necromancy
 - Level 12.1 Transmutations
 - Level 6.6 Fire Magic
 - Level 8.1 Earth Magic
 - Level 11.5 Poison Magic


You had 8 spell levels left.
You knew the following spells:

 Your Spells              Type           Power      Damage    Failure   Level
a - Stone Arrow           Conj/Erth      100%       3d13      1%          3
b - Eringya's Noxious Bo  Tmut/Pois      43%        N/A       1%          6
c - Ignite Poison         Fire/Tmut/Pois 100%       N/A       1%          3
d - Olgreb's Toxic Radia  Pois           86%        N/A       1%          4
e - Fireball              Conj/Fire      44%        3d18      1%          5
f - Dispel Undead         Necr           49%        3d18      4%          4
g - Scorch                Fire           100%       2d10      1%          2
h - Inner Flame           Hex/Fire       80%        N/A       1%          3

Your spell library contained the following spells:

 Spells                   Type           Power      Damage    Failure   Level
 Animate Skeleton         Necr           98%        N/A       1%          1
 Apportation              Tloc           50%        N/A       1%          1
 Foxfire                  Conj/Fire      100%       2x1d9     1%          1
 Sandblast                Erth           100%       2d20      1%          1
 Sting                    Tmut/Pois      100%       1d8       1%          1
 Summon Small Mammal      Summ           100%       N/A       1%          1
 Passwall                 Tmut/Erth      67%        N/A       1%          2
 Poisonous Vapours        Pois/Air       100%       N/A       1%          2
 Static Discharge         Conj/Air       53%        N/A       1%          2
 Conjure Flame            Conj/Fire      88%        6-21      1%          3
 Mephitic Cloud           Conj/Pois/Air  66%        N/A       1%          3
 Portal Projectile        Hex/Tloc       84%        N/A       1%          3
 Flame Wave               Conj/Fire      88%        2d15      1%          4
 Leda's Liquefaction      Hex/Erth       32%        N/A       1%          4
 Petrify                  Tmut/Erth      81%        N/A       1%          4
 Sticky Flame             Conj/Fire      88%        2d10      1%          4
 Blade Hands              Tmut           44%        N/A       1%          5
 Iskenderun's Battlesphe  Conj           71%        2d12      1%          5
 Call Canine Familiar     Summ           25%        N/A       4%          3
 Gell's Gravitas          Tloc           25%        N/A       4%          3
 Lesser Beckoning         Tloc           25%        N/A       4%          3
 Teleport Other           Tloc           25%        N/A       4%          3
 Excruciating Wounds      Necr           24%        N/A       11%         5
 Freezing Cloud           Conj/Ice/Air   22%        6-21      13%         5
 Summon Lightning Spire   Summ/Air       25%        N/A       14%         4
 Summon Forest            Summ/Tloc      12%        N/A       34%         5
 Conjure Ball Lightning   Conj/Air       26%        3x3d7     38%         6
 Orb of Destruction       Conj           35%        9d10      43%         7
 Storm Form               Tmut/Air       32%        N/A       65%         7
 Simulacrum               Ice/Necr       18%        N/A       69%         6
 Summon Cactus Giant      Summ           12%        N/A       88%         6
 Summon Hydra             Summ           12%        N/A       100%        7
 Maxwell's Capacitive Co  Air            12%        ∞         100%        8
 Polar Vortex             Ice            12%        N/A       100%        9


Dungeon Overview and Level Annotations

Branches:
Dungeon (14/15)            Temple (0/1) D:7            Lair (6/6) D:11
 Shoals (0/4) Lair:2        Snake (0/4) Lair:2          Orc (2/2) D:12
    Elf (0/3) Orc:2        Vaults (0/5) D:13
  Slime: Lair:5-6

Altars:
Fedhas
Gozag
Hepliaklqana
Ru
Trog
Xom
The Shining One

Shops:
D:1 :   D:5 :   D:10 ?   D:11 [?=   D:12 *   Orc:2 ((((   Lair:5 =

Annotations:
D:8 3 runed translucent doors, ytrimaz's ghost, novice DsNe
D:9 exclusion: 6 doors
D:10 exclusions: acid dragon and two-headed ogre
Lair:3 3 runed translucent doors, Gelos's ghost, journeyman DsAK
Lair:5 exclusion: 5 oklob plants


Message History

Confirm with . or Enter, or press ? or * to list all spells.
Casting: Eringya's Noxious Bog (dangerous; 1% risk of failure)
Press: ? - help, Dir - look around, f - activate You feel a surge of power!
You spew toxic sludge!
The white ugly thing gurgles horribly!
The white ugly thing is no longer distracted by gold.
The phantasmal warrior is distracted by your dazzling golden aura.
A wraith comes into view.
The death knight offers itself to Yredelemnul, and fills with unholy energy.
Casting: Eringya's Noxious Bog (dangerous; 1% risk of failure)
Confirm with . or Enter, or press ? or * to list all spells.
You feel a surge of power!
You begin to radiate toxic energy.
The death knight is poisoned.
The white ugly thing is poisoned.
The death knight reflects your damage back at you!
The death knight looks even sicker.
The white ugly thing festers in the toxic bog!!
The white ugly thing looks as sick as possible!
The white ugly thing barely misses you.
The death knight reflects your damage back at you!
The death knight calls down the wrath of Yredelemnul upon you.
You resist with almost no effort.
The death knight looks even sicker.
The white ugly thing looks as sick as possible!
The death knight reflects your damage back at you!
The white ugly thing festers in the toxic bog!
The white ugly thing looks as sick as possible!
The white ugly thing pecks you. The white ugly thing freezes you! You resist.
The death knight mumbles some strange prayers to Yredelemnul against you.
You resist with almost no effort.
Casting: Olgreb's Toxic Radiance (safe; 1% risk of failure)
Confirm with . or Enter, or press ? or * to list all spells.
You feel a strong surge of power!
You ignite the poison in your surroundings!
The white ugly thing seems to burn from within!!!!
You kill the white ugly thing!
The death knight seems to burn from within!!!
The death knight is almost dead.
The death knight reflects your damage back at you!
You die...
Your body crumbles into a pile of gold.

#.. ...##. #### #.
#.. ...W. ..# #. #.#
#..W.^ #.# #. #.#
#..#...##.#####
#$#####.p##..........
#....##..###.##.#####
#.##.$.○.....##.#
#.[.$≈≈≈≈######.#
#...@...........#
#################


You could see a death knight (reflects damage), a phantasmal warrior and a
wraith.

Vanquished Creatures
  Snorg (Lair:3)
  An ettin (Orc:1)
  A fire dragon (D:13)
  8 hydras
  3 boulder beetles
  A vault guard (D:13)
  A catoblepas (Lair:6)
  3 centaur warriors
  2 two-headed ogres
  An orc high priest (Orc:1)
  4 death yaks (Lair:6)
  A deep troll shaman (Lair:6)
  Urug (Orc:1)
  Sonja (Orc:1)
  4 skeletal warriors
  Lodul (D:10)
  3 orc knights (Orc:2)
  4 deep elf pyromancers
  Pikel (D:5)
  3 orc sorcerers (Orc:1)
  3 ugly things (D:14)
  2 manticores
  6 cyclopes
  8 elephants
  3 black mambas
  13 cane toads
  3 unseen horrors
  An efreet (D:13)
  3 rime drakes
  6 komodo dragons
  2 kobold demonologists (D:12)
  7 trolls
  A polar bear (Lair:4)
  A slime creature (D:13)
  Prince Ribbit (D:5)
  11 blink frogs
  A snapping turtle (Lair:2)
  17 dream sheep
  52 yaks
  2 wyverns
  2 vampires
  A wraith (D:12)
  Eustachio (D:5)
  4 basilisks
  A steam dragon (D:7)
  13 vampire mosquitoes
  4 wargs
  3 acid dragons
  11 water moccasins
  28 orc warriors
  An ice beast (D:6)
  2 sky beasts (D:7)
  4 black bears
  13 ogres
  13 wolves
  A lemure (D:5)
  27 centaurs
  2 phantoms (D:5)
  A kobold brigand (D:7)
  5 bullfrogs
  A gnoll sergeant (D:10)
  2 scorpions
  A necrophage (D:5)
  10 wights
  6 killer bees (D:10)
  5 howler monkeys
  4 electric eels
  3 hounds
  2 jellies
  12 orc priests
  5 iguanas
  16 orc wizards
  9 gnolls
  10 adders
  A white imp (D:7)
  An ufetubus (D:5)
  2 worms (D:3)
  4 dart slugs
  70 orcs
  3 bats
  8 endoplasms
  4 giant cockroaches
  10 goblins
  4 hobgoblins
  4 jackals (D:1)
  11 kobolds
  6 quokkas
  5 ball pythons
  4 frilled lizards
  4 rats
552 creatures vanquished.

Vanquished Creatures (others)
  23 fungi
  25 plants
48 creatures vanquished.

Grand Total: 600 creatures vanquished

Notes
Turn   | Place    | Note
-------+----------+-------------------------------------------
     0 | D:1      | freelancePsychic the Deep Elf Earth Elementalist began the
                  | quest for the Orb.
     0 | D:1      | Reached XP level 1. HP: 10/10 MP: 6/6
   309 | D:1      | Reached skill level 1 in Conjurations
   520 | D:1      | Reached XP level 2. HP: 15/15 MP: 6/8
   737 | D:1      | Found Wops's Book Boutique.
  1025 | D:2      | Reached XP level 3. HP: 19/19 MP: 6/9
  1300 | D:2      | Learned a level 3 spell: Stone Arrow
  1596 | D:3      | Reached XP level 4. HP: 24/24 MP: 6/10
  2233 | D:3      | Found a faded altar of an unknown god.
  3177 | D:4      | Reached XP level 5. HP: 26/28 MP: 4/12
  3457 | D:4      | Reached skill level 5 in Earth Magic
  3615 | D:4      | Reached skill level 1 in Fighting
  4057 | D:5      | Entered Level 5 of the Dungeon
  4097 | D:5      | Noticed a phantom
  4115 | D:5      | Killed a phantom
  4116 | D:5      | Reached XP level 6. HP: 34/34 MP: 7/14
  4202 | D:5      | Found Umyinug's Book Shop.
  4297 | D:5      | Noticed a water moccasin
  4301 | D:5      | Killed a water moccasin
  4302 | D:5      | Reached skill level 5 in Spellcasting
  4370 | D:5      | Found a hazy altar of Hepliaklqana.
  4383 | D:5      | Noticed Eustachio
  4391 | D:5      | Killed Eustachio
  4392 | D:5      | Reached XP level 7. HP: 33/39 MP: 2/17
  4587 | D:5      | Noticed Pikel
  4713 | D:5      | Found a glowing golden altar of the Shining One.
  4855 | D:5      | Found a blossoming altar of Fedhas.
  4972 | D:5      | Killed Pikel
  4973 | D:5      | Reached skill level 5 in Conjurations
  4973 | D:5      | Reached XP level 8. HP: 45/45 MP: 4/20
  5584 | D:6      | Noticed a two-headed ogre
  5738 | D:6      | Found an opulent altar of Gozag.
  5744 | D:6      | Became a worshipper of Gozag Ym Sagoz the Greedy
  5994 | D:6      | Killed a two-headed ogre
  5995 | D:6      | Reached XP level 9. HP: 51/51 MP: 9/23
  6803 | D:7      | Reached skill level 1 in Fire Magic
  6903 | D:7      | Learned a level 2 spell: Scorch
  6971 | D:7      | Found a staircase to the Ecumenical Temple.
  7395 | D:7      | Learned a level 3 spell: Inner Flame
  7415 | D:7      | Reached skill level 1 in Hexes
  8230 | D:8      | Reached skill level 5 in Fire Magic
  8711 | D:8      | Found a runed translucent gate.
  8711 | D:8      | Found a runed translucent gate.
  8711 | D:8      | Found a runed translucent gate.
  8712 | D:8      | Noticed ytrimaz's ghost (novice DsNe)
  8745 | D:8      | Reached XP level 10. HP: 58/58 MP: 6/24
  9325 | D:5      | Noticed Prince Ribbit
  9343 | D:5      | Killed Prince Ribbit
  9677 | D:5      | Reached skill level 5 in Fighting
  9831 | D:5      | Bought a book of the Spheres for 756 gold pieces
 10214 | D:9      | Noticed a cyclops
 10271 | D:9      | Killed a cyclops
 10561 | D:9      | Reached skill level 5 in Stealth
 11056 | D:10     | Entered Level 10 of the Dungeon
 11180 | D:10     | HP: 1/61 [cloud of flame (8)]
 11609 | D:10     | Noticed Lodul
 11801 | D:10     | Killed Lodul
 11802 | D:10     | Reached XP level 11. HP: 67/67 MP: 14/25
 12213 | D:10     | Found a bloodstained altar of Trog.
 12213 | D:10     | Found a shimmering altar of Xom.
 12219 | D:10     | Noticed a two-headed ogre
 12341 | D:10     | Found Hiokk's Magic Scroll Shop.
 12761 | D:11     | Noticed a five-headed hydra
 12764 | D:11     | Killed a five-headed hydra
 13152 | D:1      | Bought a Young Poisoner's Handbook for 240 gold pieces
 13157 | D:1      | Learned a level 4 spell: Olgreb's Toxic Radiance
 13642 | D:11     | Reached skill level 1 in Poison Magic
 13703 | D:11     | Found a staircase to the Lair.
 13770 | D:11     | Noticed a five-headed hydra
 13776 | D:11     | Killed a five-headed hydra
 13777 | D:11     | Reached skill level 10 in Stealth
 13998 | D:11     | Found Waqeli's Jewellery Emporium.
 14137 | D:11     | Found Ydetzih's Magic Scroll Emporium.
 14145 | D:11     | Bought a scroll of teleportation for 54 gold pieces
 14145 | D:11     | Bought a scroll of identify for 36 gold pieces
 14147 | D:11     | Bought a scroll of fog for 36 gold pieces
 14147 | D:11     | Bought a scroll of magic mapping for 63 gold pieces
 14345 | D:11     | Found Keduixzi's Antique Armour Shop.
 14352 | D:11     | Bought a thick robe for 125 gold pieces
 14352 | D:11     | Identified the +1 robe of Incorporation {rF- Int+5 SInv}
                  | (You bought it in a shop on level 11 of the Dungeon)
 14353 | D:11     | Bought a glowing hat for 154 gold pieces
 14358 | D:11     | Bought a pair of glowing boots for 165 gold pieces
 14378 | D:11     | Identified the ring of Ephemeral Luck {Fly Will++ rCorr}
 14472 | D:12     | Noticed a boulder beetle
 14532 | Lair:1   | Entered Level 1 of the Lair of Beasts
 14734 | Lair:1   | Reached skill level 5 in Poison Magic
 15146 | Lair:1   | You fall into a shaft and drop 1 floor!
 16195 | Lair:2   | Found a staircase to the Snake Pit.
 16388 | Lair:2   | Found a staircase to the Shoals.
 16815 | Lair:3   | Reached XP level 12. HP: 75/75 MP: 24/26
 16971 | Lair:3   | Noticed Snorg
 16980 | Lair:3   | Killed Snorg
 17112 | Lair:3   | Found a runed translucent gate.
 17112 | Lair:3   | Found a runed translucent gate.
 17112 | Lair:3   | Found a runed translucent gate.
 17265 | Lair:3   | Learned a level 6 spell: Eringya's Noxious Bog
 17507 | Lair:3   | Identified the ring of Resumed Hostilities {Wiz rC+}
 17616 | Lair:3   | Noticed Gelos's ghost (journeyman DsAK)
 17617 | Lair:3   | Noticed an ice dragon
 18237 | Lair:4   | Reached skill level 5 in Transmutations
 18300 | Lair:4   | Noticed a five-headed hydra
 18305 | Lair:4   | Killed a five-headed hydra
 19030 | Lair:4   | Found a sacrificial altar of Ru.
 19308 | Lair:5   | Identified the +1 ring mail of Oton {*Slow rF++ Dex+3}
 19632 | Lair:5   | Noticed a boulder beetle
 19643 | Lair:5   | Killed a boulder beetle
 19644 | Lair:5   | Reached XP level 13. HP: 82/82 MP: 27/27
 20335 | Lair:6   | Entered Level 6 of the Lair of Beasts
 20343 | Lair:6   | Reached skill level 10 in Fighting
 20524 | Lair:5   | Reached skill level 10 in Poison Magic
 21107 | Lair:6   | Reached skill level 5 in Dodging
 21315 | Lair:5   | Reached skill level 10 in Transmutations
 21855 | Lair:6   | Identified the +12 spear "Orb Guardian's Peril" {venom,
                  | +Blink rPois Will+ Dex+2}
 23585 | D:12     | Reached XP level 14. HP: 85/88 MP: 29/29
 23782 | D:12     | Found a staircase to the Orcish Mines.
 23801 | D:12     | Reached skill level 10 in Spellcasting
 24108 | D:12     | Learned a level 3 spell: Ignite Poison
 24190 | D:12     | Identified the +2 robe of Yredelemnul's Fury {Drain rF+
                  | Dex+3 Stlth+}
 24641 | Orc:1    | Entered Level 1 of the Orcish Mines
 24708 | Orc:2    | Entered Level 2 of the Orcish Mines
 24774 | Orc:2    | Found a staircase to the Elven Halls.
 25930 | Orc:2    | Found Qalifued's Antique Weapon Boutique.
 25930 | Orc:2    | Found Paaplo's Antique Weapon Emporium.
 25938 | Orc:2    | Found Sentihe's Antique Weapon Shop.
 25940 | Orc:2    | Found Anunuq's Weapon Shoppe.
 26131 | Orc:1    | Noticed Urug
 26134 | Orc:1    | Killed Urug
 26492 | Orc:1    | Noticed Sonja
 26495 | Orc:1    | Killed Sonja
 26814 | D:12     | Bought a jewelled ring mail for 261 gold pieces
 26814 | D:12     | Identified the +0 ring mail of the Catamount {rF+ rCorr
                  | Int+5} (You bought it in a shop on level 12 of the Dungeon)
 27633 | D:13     | Identified the +7 war axe of Instant Death {vorpal, Str+4}
 27991 | D:13     | Found a gate to the Vaults.
 28298 | D:13     | Upgraded the game from 0.29-a0-380-gf50f0a9fbc to
                  | 0.29-a0-384-g6960b1960d
 28308 | D:13     | Learned a level 5 spell: Fireball
 28696 | D:1      | Bought a book of Touch for 312 gold pieces
 28701 | D:1      | Learned a level 4 spell: Dispel Undead
 28941 | D:14     | Reached skill level 1 in Shields
 28978 | D:14     | Reached skill level 1 in Necromancy
 29639 | D:14     | Killed by mirror damage

Illustrated notes

Levels and vault maps discovered:
D:1:      lemuel_arrival_room, layout_basic, serial_forest,
          infiniplex_forest_3_way, infiniplex_forest_straight_2,
          infiniplex_forest_zigzag_1, infiniplex_forest_lined_room_,
          infiniplex_forest_lined_room_, infiniplex_forest_clump_small,
          infiniplex_forest_lined_4_way, infiniplex_forest_clump_small,
          serial_shops, shop
D:2:      layout_rooms
D:3:      layout_rooms, dreamdust_ecumenical_altar_statues,
          mrwooster_statue_mirror, grunt_ministairs_13
D:4:      layout_loops_ring
D:5:      layout_loops_ring, nicolae_overflow_crystal_walls,
          fedhas_altar_fruit_tree, kennysheep_mini, serial_shops,
          nicolae_diamond_shop, minivault_27, corexii_checkpoint_a,
          minmay_divided_ellipse, uniq_pikel, uniq_eustachio,
          uniq_prince_ribbit1
D:6:      layout_basic, grunt_gozag_statues
D:7:      layout_loops_ring, minmay_temple_entry_statues
D:8:      layout_rooms, gammafunk_ghost_spectres, roderic_serpentine_path
D:9:      layout_loops_ring, eino_jars
D:10:     layout_irregular_city, jmf_multi_god_temple, serial_shops,
          nicolae_take_the_stairs, uniq_lodul
D:11:     layout_gridville, erik_lair_orcish_takeover, serial_shops, shop,
          nicolae_shop_competitors_out_of_business, shop_fountains,
          solitary_fountain
D:12:     layout_small_grid, orc_0_dummy
D:13:     layout_roguey, david_vaults_5, chequers_jeans
D:14:     layout_loops_corners, tgw_trog
Lair:1:   layout_cave_pods, st_stairs_7
Lair:2:   layout_concentric_octagons, minmay_shoals_entry_hut,
          dummy_snake_entry, cheibrodos_lair_caveside_slide
Lair:3:   layout_roguey, gammafunk_ghost_icy, minivault_25,
          infiniplex_staircase_pool_2, uniq_snorg
Lair:4:   layout_loops_ring, basic_altar, infiniplex_staircase_pool,
          grunt_megastairs_2
Lair:5:   layout_big_grid, minmay_slime_entry_oklob_open
Lair:6:   grunt_lair_end_beastmaster, layout_misc_corridors,
          serial_bayou_shore_b, grunt_megastairs_1, lemuel_fruit_tree
Orc:1:    layout_diamond_mine, uniq_urug, uniq_sonja
Orc:2:    st_orc_rangers, layout_diamond_mine

Skill      XL: |  1  2  3  4  5  6  7  8  9 10 11 12 13 14 |
---------------+-------------------------------------------+-----
Conjurations   | 1 2 3 4 5 7 |  7.6
Earth Magic    | 4 5 6 7 8 |  8.1
Spellcasting   | 4 5 6 8 9 12 | 12.8
Fighting       | 1 2 3 4 7 8 9 10 | 10.2
Fire Magic     | 6 |  6.6
Hexes          | 3 4 |  4.4
Stealth        | 8 10 | 10.0
Poison Magic   | 6 9 11 | 11.5
Transmutations | 3 7 11 12 | 12.1
Dodging        | 3 7 9 |  9.5
Shields        | 1 |  1.7
Necromancy     | 3 |  3.1

Action                   |  1- 3 |  4- 6 |  7- 9 | 10-12 | 13-15 || total
-------------------------+-------+-------+-------+-------+-------++-------
Melee: Staff             |       |    48 |    11 |     2 |    11 ||    72
       Punch             |       |       |       |       |     1 ||     1
 Cast: Sandblast         |    49 |    43 |     6 |       |       ||    98
       Stone Arrow       |       |    28 |    64 |   113 |   112 ||   317
       Scorch            |       |       |    32 |    97 |    26 ||   155
       Inner Flame       |       |       |     3 |    70 |    72 ||   145
       Olgreb's Toxic Ra |       |       |       |    37 |   109 ||   146
       Ignite Poison     |       |       |       |       |    55 ||    55
       Fireball          |       |       |       |       |    23 ||    23
       Eringya's Noxious |       |       |       |       |     7 ||     7
       Dispel Undead     |       |       |       |       |     6 ||     6
Invok: Call Merchant     |       |       |       |       |     2 ||     2
Evoke: Wand              |       |       |     2 |     3 |     1 ||     6
  Use: Scroll            |     5 |     1 |     5 |    16 |     5 ||    32
       Potion            |       |     2 |       |     1 |     2 ||     5
 Stab: Sleeping          |       |     1 |       |       |       ||     1
Armor: Robe              |     2 |     1 |       |       |    11 ||    14
       Leather armour    |       |    28 |    21 |    37 |    39 ||   125
Dodge: Dodged            |     7 |    35 |    24 |    46 |    88 ||   200

Table legend: (Time is in decaauts)
 A = Elapsed time spent in this place.
 B = Non-inter-level travel time spent in this place.
 C = Inter-level travel time spent in this place.
 D = Time resting spent in this place.
 E = Time spent auto-exploring this place.
 F = Levels seen in this place.
 G = Mean time per level.
                   A        B        C        D        E       F      G
               +--------+--------+--------+--------+--------+-----+--------+
         Total |  29691 |  27401 |   2290 |   2256 |  21377 |  22 | 1349.6 |
       Dungeon |  18467 |  16742 |   1725 |   1550 |  12817 |  14 | 1319.1 |
          Lair |   9052 |   8602 |    450 |    706 |   6973 |   6 | 1508.7 |
  Orcish Mines |   2172 |   2057 |    115 |      0 |   1586 |   2 | 1086.0 |
               +--------+--------+--------+--------+--------+-----+--------+

Top non-repeatable levels by time:
  Lair:5: 2336 daAuts
     D:5: 2184 daAuts
  Lair:6: 1832 daAuts
    D:13: 1677 daAuts
     D:7: 1590 daAuts
     D:9: 1465 daAuts
   Orc:2: 1463 daAuts
     D:4: 1438 daAuts
  Lair:3: 1388 daAuts
    D:11: 1370 daAuts
    D:10: 1357 daAuts
     D:3: 1226 daAuts
  Lair:4: 1207 daAuts
  Lair:1: 1201 daAuts
    D:12: 1174 daAuts
